 Dungeon Crawl Stone Soup version 0.31-a0-1589-g8f5e8aebd6 (console) character file.

Game seed: 9521179221269148339

1 petzl the Sneak (level 1, -5/18 HPs)
             Began as a Formicid Delver on Jan 5, 2024.
             Slain by an orc
             ... wielding a +0 flail
              (8 damage)
             ... on level 4 of the Dungeon.
             The game lasted 00:00:24 (51 turns).

petzl the Sneak (Formicid Delver)                     Turns: 51, Time: 00:00:24

Health: -5/18      AC:  3    Str: 16    XL:     1   Next: 22%
Magic:  1/1        EV: 12    Int:  9    God:
Gold:   0          SH:  0    Dex: 15    Spells: 0/0 levels left

rFire   . . .        a - +0 mace
rCold   . . .        (no shield)
rNeg    . . .        b - +0 leather armour
rPois   .            (helmet unavailable)
rElec   .            (no cloak)
rCorr   .            (no gloves)
SInv    +            (no boots)
Will    .....        (no amulet)
Stlth   +++          (no ring)
HPRegen 0.23/turn    (no ring)
MPRegen 0.07/turn

%: no passive effects
@: no status effects
A: permanent stasis, dig shafts and tunnels, antennae 3, four strong arms
a: Dig, Shaft Self


You were on level 4 of the Dungeon.
You visited 1 branch of the dungeon, and saw 2 of its levels.

Inventory:

Hand Weapons
 a - a +0 mace (weapon)
Missiles
 h - 6 silver javelins
Armour
 b - a +0 leather armour (worn)
Wands
 f - a wand of digging (3)
Scrolls
 c - a scroll of fog
 d - a scroll of revelation
 e - a scroll of fear
 g - a scroll of teleportation {unknown}


   Skills:
 + Level 3.3 Fighting
 + Level 2.0 Maces & Flails
 + Level 1.8 Dodging
 + Level 6.0 Stealth


You couldn't memorise any spells.
You didn't know any spells.
Your spell library was empty.

Dungeon Overview and Level Annotations

Branches:
Dungeon (5/15)
 Temple: D:4-7

Altars:


Innate Abilities, Weirdness & Mutations

You cannot be hasted, slowed, berserked, paralysed or teleported.
You can dig through walls and to a lower floor.
You have a pair of large antennae on your head. (SInv)
Your four strong arms can wield two-handed weapons with a shield.


Message History

Welcome, petzl the Formicid Delver.
Below lies the Orb of Zot, rumoured to be powerful enough to resurrect a god...
Press ? for a list of commands and other information.
Found a stone staircase leading down.
Found a stone staircase leading up.
There is a stone staircase leading up here.
You climb upwards.
Found a scroll labelled NACUIZ KIPRUA.
Found a stone staircase leading down.
There is a stone staircase leading down here.
A quokka comes into view.
Found 6 silver javelins and a scroll labelled RUITOA EGAE.
You sock the quokka!
You kill the quokka!
You see here a quokka corpse.
g - a scroll labelled RUITOA EGAE An orc comes into view.
It is wielding a +0 whip of electrocution.
You see here 6 silver javelins.
h - 6 silver javelins An orc comes into view.
It is wielding a +0 club.
An orc comes into view. It is wielding a +0 flail.
The orc shouts!
You hit the orc but do no damage. The orc hits you with a +0 flail!
You completely miss the orc. The orc hits you with a +0 flail.
You completely miss the orc. The orc misses you. The orc completely misses you.
You closely miss the orc. The orc hits you with a +0 flail!
* * * LOW HITPOINT WARNING * * *
You barely miss the orc. The orc barely misses you.
You closely miss the orc. The orc hits you with a +0 flail!
You die...

.. . #. ##.{ ... #.#
#.# . # #@# #.. #.
#o# .... #.## ##.##
##.....
#.o.##...##.......
##.................
...........###.....
..o{.##...## #.....
......o.#B...# #....
.
.....#.......##.....
.............#......
.B......##..†.......
.......# #..........
.......###..........
.....>..............
.......>............
..###...............
#...............
#?..............
#...............


You could see a bombardier beetle (wandering) and an orc.

Vanquished Creatures
  A quokka (D:4)
1 creature vanquished.

Notes
Turn   | Place    | Note
-------+----------+-------------------------------------------
     0 | D:5      | petzl the Formicid Delver began the quest for the Orb.
     0 | D:5      | Reached XP level 1. HP: 18/18 MP: 1/1
     6 | D:4      | Noticed a bombardier beetle
    51 | D:4      | Slain by an orc

Illustrated notes

Levels and vault maps discovered:
D:4:      layout_layer_cave, nemelex_diamond_rough_becter
D:5:      layout_layer_cave, lemuel_crystal_altar, overflow_temple_1_default,
          minmay_temple_entry_proselytizer, gammafunk_ghost_nasty_kobolds,
          minmay_misc_feat_diagonals, uniq_ijyb

Action                     || total
---------------------------++-------
  Melee: Mace              ||     7
 Armour: Leather armour    ||     4
  Dodge: Dodged            ||     3

Table legend: (Time is in decaauts)
 A = Elapsed time spent in this place.
 B = Non-inter-level travel time spent in this place.
 C = Inter-level travel time spent in this place.
 D = Time resting spent in this place.
 E = Time spent auto-exploring this place.
 F = Levels seen in this place.
 G = Mean time per level.
                   A        B        C        D        E       F      G
               +--------+--------+--------+--------+--------+-----+--------+
         Total |     52 |     52 |      0 |      0 |      0 |   2 |   26.0 |
       Dungeon |     52 |     52 |      0 |      0 |      0 |   2 |   26.0 |
               +--------+--------+--------+--------+--------+-----+--------+

Top non-repeatable levels by time:
     D:4: 46 daAuts
     D:5: 6 daAuts
